Map: New Gettysburg LE

Players

Erik

  • Race: Zerg Zerg
  • League: Grandmaster
  • Spawn Location: 7:00

Chammy (Cham) - Winner!

  • Race: Zerg Zerg
  • League: Grandmaster
  • Spawn Location: 5:00

Event: Copa América 2016 Grand Finals

VOD

Have the link to the VOD?

Description

Time

  • Played on: Oct. 13, 2016, 5:12 p.m.
  • Length: 7:50

All games in this series

Show
View Real Time Build Order
Export as new Build Order

Erik Zerg 

Build Orders: 3 Hatch before Pool 

Get SALT Encoding   

  12  0:00  Drone  
  13  0:14  Overlord  
  13  0:18  Drone  
  14  0:32  Drone x2  
  16  0:36  Drone  
  17  0:52  Hatchery  
  17  0:55  Drone  
  17  0:59  Drone  
  18  1:08  Drone  
  19  1:19  Drone  
  20  1:27  Hatchery  
  20  1:31  Drone  
  20  1:34  Extractor  
  19  1:45  Spawning Pool  
  19  1:46  Drone  
  19  1:51  Drone  
  20  2:02  Drone  
  22  2:08  Drone  
  22  2:12  Drone  
  23  2:16  Drone  
  24  2:27  Overlord  
  24  2:34  Metabolic Boost  
  24  2:35  Queen x2  
  28  2:39  Queen  
  28  2:43  Drone  
  31  2:48  Overlord  
  31  2:51  Zergling x2  
  32  2:53  Drone  
  32  2:55  Zergling x2  
  32  2:57  Zergling x2  
  35  3:01  Zergling x2  
  35  3:02  Zergling x2  
  35  3:05  Zergling x2  
  38  3:07  Zergling x2  
  38  3:10  Zergling x2  
  40  3:15  Zergling x2  
  40  3:16  Zergling x2  
  42  3:22  Baneling Nest  
  42  3:24  Zergling x4  
  42  3:25  Zergling x2  
  44  3:38  Zergling x6  
  47  3:43  Overlord  
  47  3:50  Zergling x6  
  50  3:59  Overlord  
  50  4:05  Baneling x6  
  50  4:13  Drone x2  
  49  4:21  Drone x8  
  55  4:27  Drone x3  
  52  4:36  Roach Warren  
  49  4:49  Overlord  
  49  4:50  Extractor  
  48  4:53  Overlord  
  44  5:16  Roach  
  44  5:17  Roach x8  
  44  5:18  Roach  
  62  5:28  Roach  
  62  5:29  Roach  
  62  5:35  Zergling x16  
  73  5:44  Roach x2  
  73  5:48  Roach  
  73  5:49  Overlord x3  
  79  5:50  Overlord  
  79  6:05  Roach  
  79  6:06  Overlord  
  81  6:12  Roach x4  
  81  6:16  Roach  
  91  6:24  Zergling x16  
  99  6:34  Roach x3  
  105  6:48  Roach  
  105  6:49  Roach x2  
  111  6:57  Zergling x2  
  111  6:58  Zergling x14  
  118  7:02  Zergling x6  
  118  7:07  Overlord  
  109  7:25  Zergling x6  
  109  7:26  Zergling x18  
Show
View Real Time Build Order
Export as new Build Order

Chammy Zerg - Winner!

Build Orders: Hatch First 

Get SALT Encoding   

  12  0:00  Drone  
  13  0:08  Drone  
  14  0:17  Overlord  
  15  0:35  Drone x2  
  15  0:36  Drone  
  17  0:54  Hatchery  
  16  0:57  Drone  
  16  1:00  Drone  
  18  1:15  Spawning Pool  
  18  1:18  Drone  
  18  1:22  Extractor, Drone  
  18  1:30  Drone  
  19  1:39  Overlord  
  19  1:52  Drone  
  20  2:01  Queen  
  20  2:02  Drone  
  20  2:05  Queen  
  20  2:07  Drone  
  26  2:13  Drone  
  27  2:17  Drone  
  28  2:24  Drone  
  28  2:29  Hatchery  
  28  2:34  Drone  
  28  2:36  Drone  
  30  2:38  Drone  
  31  2:44  Baneling Nest  
  31  2:45  Drone  
  31  2:50  Zergling x2  
  32  2:55  Overlord  
  32  2:59  Drone  
  33  3:06  Drone  
  33  3:09  Drone x2  
  36  3:13  Roach Warren  
  36  3:15  Drone x3  
  36  3:16  Drone  
  36  3:18  Zergling x2  
  40  3:23  Zergling x2  
  40  3:27  Zergling x2  
  42  3:29  Overlord  
  42  3:37  Overlord  
  42  3:39  Extractor  
  42  3:41  Overlord  
  41  3:42  Drone  
  41  3:47  Baneling x2  
  44  3:50  Baneling x2  
  44  3:55  Roach x3  
  50  4:00  Baneling, Roach  
  52  4:06  Zergling x2  
  52  4:07  Baneling  
  53  4:10  Zergling x4  
  53  4:11  Spine Crawler  
  53  4:13  Roach  
  56  4:18  Baneling  
  55  4:24  Roach  
  55  4:25  Drone  
  55  4:26  Drone  
  55  4:29  Drone  
  56  4:37  Drone x4  
  59  4:39  Hatchery  
  59  4:41  Overlord  
  59  4:43  Ravager  
  59  4:46  Overlord  
  59  4:55  Overlord  
  59  5:00  Drone x2  
  59  5:02  Drone x2, Lair  
  63  5:07  Overlord  
  63  5:11  Drone  
  64  5:15  Drone  
  65  5:22  Drone x3  
  65  5:23  Drone  
  65  5:27  Overlord  
  69  5:30  Drone  
  69  5:31  Overlord  
  69  5:32  Drone  
  69  5:33  Drone  
  72  5:40  Overlord  
  72  5:43  Extractor  
  72  5:44  Extractor  
  72  5:47  Roach, Queen  
  75  5:50  Drone x2  
  75  5:52  Drone x2  
  75  5:54  Overlord  
  75  5:56  Extractor  
  75  5:57  Roach x4  
  84  6:05  Spire, Drone x2  
  84  6:08  Drone  
  86  6:13  Roach  
  86  6:15  Roach  
  86  6:17  Roach x3  
  96  6:23  Roach  
  96  6:24  Overlord  
  98  6:28  Roach x2  
  98  6:30  Roach  
  98  6:31  Overlord  
  106  6:32  Roach  
  106  6:34  Drone  
  106  6:37  Roach x2  
  111  6:40  Roach  
  111  6:45  Roach  
  114  6:47  Overlord  
  114  6:49  Drone x2  
  116  6:58  Roach x3  
  116  6:59  Roach x2  
  116  7:00  Roach x2  
  130  7:04  Roach  
  130  7:05  Roach x2  
  130  7:08  Baneling x2  
  136  7:11  Roach x2  
  140  7:19  Mutalisk  
  140  7:20  Mutalisk  
  135  7:25  Mutalisk  
Tags
 
Add a new tag
Caveats
  • Supply blocks, unpowered buildings, or Contaminate may cause inaccurate times.
  • Supply counts are checked every 10 seconds.